 Dungeon Crawl Stone Soup version 0.31.0-32-g396128a36d (webtiles) character file.

Game seed: 17257427413119119642

3551 PaiMei the Merchant of Misery (level 9, -6/71 HPs)
             Began as a Demonspawn Necromancer on Apr 18, 2024.
             Was a Believer of Kikubaaqudgha.
             Killed by divine providence
             ... invoked by an orc priest
              (13 damage)
             ... on level 9 of the Dungeon.
             The game lasted 00:14:59 (9575 turns).

PaiMei the Merchant of Misery (DsNe)                Turns: 9575, Time: 00:15:00

Health: -6/71      AC: 10    Str:  8    XL:     9   Next: 83%
Magic:  0/19       EV: 15    Int: 32    God:    Kikubaaqudgha [**....]
Gold:   287        SH:  0    Dex: 14    Spells: 13/21 levels left

rFire   . . .        x - +4 spear (vamp)
rCold   . . .        (no shield)
rNeg    . . .        z - +0 steam dragon scales
rPois   .            (helmet restricted)
rElec   .            t - +0 cloak
rCorr   .            K - +0 pair of gloves
SInv    .            o - +2 pair of boots
Will    .....        A - amulet of the acrobat
Stlth   ++           r - +6 ring of intelligence
HPRegen 0.31/turn    C - +6 ring of intelligence
MPRegen 0.32/turn

%: acrobat, guardian spirit
@: no status effects
A: horns 2, magic shield, magic regeneration, demonic magic 1
a: Renounce Religion, Unearth Wretches


You were on level 9 of the Dungeon.
You worshipped Kikubaaqudgha.
Kikubaaqudgha was pleased with you.
You visited 1 branch of the dungeon, and saw 9 of its levels.

You collected 313 gold pieces.
You spent 26 gold pieces at shops.

Inventory:

Hand Weapons
 x - a +4 vampiric spear (weapon)
 E - a +2 falchion of flaming
 F - a +2 short sword of freezing
 L - a +2 short sword of electrocution
Missiles
 e - a throwing net
 g - 10 poisoned darts (quivered)
Armour
 j - a scarf of invisibility
 l - the +2 ring mail "Borgh" {rF+ Will- SInv}
   (You took it off a kobold on level 2 of the Dungeon)

   rF+:       It protects you from fire.
   Will-:     It decreases your willpower.
   SInv:      It lets you see invisible.
 n - the +5 ring mail of Xusir {rElec rPois Str-3 Dex+4}
   (You found it on level 2 of the Dungeon)

   Str-3:     It affects your strength (-3).
   Dex+4:     It affects your dexterity (+4).
   rElec:     It insulates you from electricity.
   rPois:     It protects you from poison
 o - a +2 pair of boots (worn)
 t - a +0 cloak (worn)
 z - +0 steam dragon scales (worn)
 K - a +0 pair of gloves (worn)
Jewellery
 r - a +6 ring of intelligence (left hand)
 A - an amulet of the acrobat (around neck)
 C - a +6 ring of intelligence (right hand)
 D - an amulet of regeneration
 H - a +5 ring of evasion
Wands
 u - a wand of light (8)
 v - a wand of charming (28)
 y - a wand of mindburst (6)
 B - a wand of digging (2)
 G - a wand of flame (82)
 M - a wand of roots (7)
Scrolls
 a - a scroll of vulnerability {unknown}
 c - 2 scrolls of enchant weapon {unknown}
 f - a scroll of enchant armour {unknown}
 h - 2 scrolls of teleportation {unknown}
 i - 2 scrolls of noise {unknown}
 k - 7 scrolls of identify
 m - a scroll of blinking {unknown}
 p - a scroll of torment {unknown}
 w - 2 scrolls of immolation {unknown}
 J - a scroll of revelation {unknown}
Potions
 b - 2 potions of magic
 d - 3 potions of curing
 q - a potion of lignification {unknown}
 s - a potion of enlightenment {unknown}
 I - a potion of haste {unknown}


   Skills:
 + Level 6.9 Fighting
 + Level 6.7 Dodging
 - Level 2.0 Stealth
 + Level 6.7 Spellcasting
 + Level 9.0 Necromancy


You had 13 spell levels left.
You knew the following spells:

 Your Spells              Type           Power      Damage    Failure   Level
a - Necrotise             Necr           100%       1d9       1%          1
b - Vampiric Draining     Necr           62%        2d10      1%          3
c - Animate Dead          Necr           62%        N/A       1%          4

Your spell library contained the following spells:

 Spells                   Type           Power      Damage    Failure   Level
 Kiss of Death            Conj/Necr      100%       2d13      1%          1
 Sublimation of Blood     Necr           62%        N/A       1%          2
 Fugue of the Fallen      Necr           62%        N/A       1%          3
 Curse of Agony           Necr           62%        N/A       3%          5
 Sandblast                Erth           20%        2d7       4%          1
 Blink                    Tloc           20%        N/A       6%          2
 Lesser Beckoning         Tloc           20%        N/A       6%          2
 Momentum Strike          Conj/Tloc      20%        3d8       6%          2
 Scorch                   Fire           20%        2d5       6%          2
 Call Canine Familiar     Summ           10%        N/A       13%         3
 Passwall                 Erth           10%        N/A       13%         3
 Sigil of Binding         Hex            10%        N/A       13%         3
 Stone Arrow              Conj/Erth      20%        3d8       13%         3
 Brom's Barrelling Bould  Conj/Erth      10%        2d3       38%         4
 Dimensional Bullseye     Hex/Tloc       5%         N/A       38%         4
 Flame Wave               Conj/Fire      10%        2d6       38%         4
 Fireball                 Conj/Fire      5%         3d5       75%         5
 Iskenderun's Battlesphe  Conj           10%        2d6       75%         5
 Conjure Ball Lightning   Conj/Air       5%         3x3d6     100%        6
 Summon Cactus Giant      Summ           5%         N/A       100%        6
 Orb of Destruction       Conj           5%         9d5       100%        7


Dungeon Overview and Level Annotations

Branches:
Dungeon (9/15)             Temple (0/1) D:6            Lair (0/5) D:8
    Orc: D:9-12

Altars:
Gozag
Kikubaaqudgha
Makhleb
Okawaru
Trog
Vehumet
Xom
Yredelemnul

Shops:
D:3 [   D:5 (   D:8 [(?


Innate Abilities, Weirdness & Mutations

You have a pair of horns on your head.
When hurt, damage is shared between your health and your magic reserves.
You regenerate magic rapidly.
Spells you cast may paralyse adjacent enemies.


Message History

You hit the orc priest but do no damage.
You headbutt the orc priest.
The orc priest is lightly wounded.
The orc priest calls upon Beogh to heal the orc priest.
The orc priest's wounds heal themselves!
The orc priest completely misses you.
You hit the orc priest but do no damage.
The orc priest barely misses you.
You hit the orc priest but do no damage.
You headbutt the orc priest.
The orc priest is lightly wounded.
The orc priest barely misses you.
Aiming: Fastroot
Press: ? - help, Shift-Dir - straight line, f - orc priest
Aim: an orc priest, wielding a +0 whip and wearing a +0 chain mail (lightly wounded)
Okay, then.
Unknown command.
Aiming: Mindburst
Press: ? - help, Shift-Dir - straight line, f - orc priest
Aim: an orc priest, wielding a +0 whip and wearing a +0 chain mail (lightly wounded, chance to affect: 64%)
The orc priest's mind is blasted!!
You blow up the orc priest!
Kikubaaqudgha accepts your kill.
The orc priest invokes the aid of Beogh against you.
Beogh smites you!
* * * LOW HITPOINT WARNING * * *
Aiming: Mindburst
Press: ? - help, Shift-Dir - straight line, f - orc priest
Aim: an orc priest, wielding a +0 club and wearing a +0 leather armour (chance to affect: 64%)
The orc's mind is blasted!
You blow up the orc!
Kikubaaqudgha accepts your kill.
The orc priest mumbles some strange prayers to Beogh against you.
Beogh smites you!
* * * LOW HITPOINT WARNING * * *
You hit something.
The orc priest mumbles some strange prayers to Beogh against you.
Beogh smites you!
You die...
Kikubaaqudgha rasps: "You have failed me!
Welcome... death!"

#######.### #...# #
###'#### .. #......# ...
#......### ....
#......'.## .....
#####......#..#
......###...'......##.##
.....o)@..###......##...
.....o##### #.....>#####
$.... #......# ##+#
#......# ########


You could see 2 orc priests.

Vanquished Creatures
  Sigmund (D:6)
  2 wyverns (D:8)
  2 steam dragons
  A water moccasin (D:8)
  An orc warrior (D:9)
  2 ice beasts
  7 ogres
  4 centaurs
  A phantom (D:6)
  2 kobold brigands
  3 scorpions
  A howler monkey (D:4)
  An electric eel (D:7)
  A crimson imp (D:7)
  2 bombardier beetles
  3 hounds
  A jelly (D:7)
  2 sleepcaps
  3 orc priests (D:9)
  A gnoll bouda (D:5)
  Jessica (D:2)
  4 iguanas
  5 orc wizards
  Natasha (thrice) (D:2)
  16 gnolls
  6 adders
  3 white imps
  2 ribbon worms
  16 orcs
  7 bats
  5 endoplasms
  6 giant cockroaches
  5 goblins
  5 hobgoblins
  4 jackals (D:5)
  3 quokkas
  6 ball pythons
  A frilled lizard (D:2)
  18 kobolds
  8 rats
165 creatures vanquished.

Vanquished Creatures (collateral kills)
  An adder (D:2)
  A gnoll (D:6)
  A rat (D:1)
3 creatures vanquished.

Vanquished Creatures (others)
  An orc (D:7)
1 creature vanquished.

Grand Total: 169 creatures vanquished

Notes
Turn   | Place    | Note
-------+----------+-------------------------------------------
     0 | D:1      | PaiMei the Demonspawn Necromancer began the quest for the
                  | Orb.
     0 | D:1      | Reached XP level 1. HP: 13/13 MP: 3/3
   350 | D:1      | Gained mutation: You have a pair of small horns on your
                  | head. [demonic ancestry]
   350 | D:1      | Reached XP level 2. HP: 19/19 MP: 3/5
  1101 | D:2      | Identified the +2 ring mail "Borgh" {rF+ Will- SInv}
  1357 | D:2      | Identified the +5 ring mail of Xusir {rElec rPois Str-3
                  | Dex+4}
  1471 | D:2      | Gained mutation: Spells you cast may paralyse adjacent
                  | enemies. [demonic ancestry]
  1471 | D:2      | Reached XP level 3. HP: 25/25 MP: 2/6
  1478 | D:2      | Reached skill level 1 in Fighting
  1576 | D:2      | Noticed Jessica
  1583 | D:2      | Killed Jessica
  1584 | D:2      | Reached XP level 4. HP: 32/32 MP: 2/7
  2083 | D:2      | Noticed Natasha
  2103 | D:2      | Killed Natasha
  2104 | D:2      | Reached skill level 5 in Necromancy
  2189 | D:2      | Noticed Natasha
  2193 | D:2      | Killed Natasha
  2219 | D:2      | Noticed Natasha
  2223 | D:2      | Killed Natasha
  2224 | D:2      | Gained mutation: You regenerate magic rapidly. [demonic
                  | ancestry]
  2224 | D:2      | Reached XP level 5. HP: 38/38 MP: 5/9
  2621 | D:3      | Found Goxor's Antique Armour Shoppe.
  3279 | D:4      | You fall into a shaft and drop 3 floors!
  3297 | D:7      | Noticed a steam dragon
  3299 | D:7      | Noticed a centaur
  3735 | D:8      | Noticed a wyvern
  3747 | D:8      | Found Wodinol's Antique Weapon Boutique.
  3813 | D:8      | Noticed a wyvern
  3821 | D:8      | Killed a wyvern
  3822 | D:8      | Gained mutation: When hurt, damage is shared between your
                  | health and your magic reserves. [demonic ancestry]
  3822 | D:8      | Reached XP level 6. HP: 22/46 MP: 5/11
  4020 | D:8      | Killed a wyvern
  4021 | D:8      | Reached skill level 6 in Necromancy
  4021 | D:8      | Reached XP level 7. HP: 36/52 MP: 2/12
  4080 | D:8      | Learned a level 3 spell: Vampiric Draining
  4085 | D:8      | Learned a level 4 spell: Animate Dead
  4214 | D:8      | Found Boivviwa's Armour Shoppe.
  4450 | D:8      | Found a staircase to the Lair.
  4512 | D:8      | Found Pumpinib's Magic Scroll Shop.
  4519 | D:8      | Bought a scroll of identify for 26 gold pieces
  4552 | D:8      | Found an ancient bone altar of Kikubaaqudgha.
  4557 | D:8      | Became a worshipper of Kikubaaqudgha
  4577 | D:8      | Noticed a steam dragon
  4765 | D:8      | Killed a steam dragon
  4918 | D:6      | Found a staircase to the Ecumenical Temple.
  4932 | D:5      | Entered Level 5 of the Dungeon
  4932 | D:5      | Found an iron altar of Okawaru.
  4943 | D:5      | Gained mutation: You have a pair of horns on your head.
                  | [demonic ancestry]
  4943 | D:5      | Reached XP level 8. HP: 60/60 MP: 8/14
  4998 | D:5      | Reached skill level 7 in Necromancy
  5080 | D:5      | Found Zatsu's Weapon Shop.
  5199 | D:5      | Reached * piety under Kikubaaqudgha
  5199 | D:5      | Received a gift from Kikubaaqudgha
  5200 | D:5      | Reached skill level 5 in Spellcasting
  5404 | D:5      | Reached skill level 5 in Dodging
  5496 | D:5      | Found a bloodstained altar of Trog.
  5523 | D:5      | Reached skill level 5 in Fighting
  6602 | D:5      | Reached XP level 9. HP: 68/68 MP: 11/17
  6678 | D:5      | Found a radiant altar of Vehumet.
  7524 | D:6      | Reached skill level 8 in Necromancy
  7603 | D:6      | Noticed Sigmund
  7613 | D:6      | Killed Sigmund
  8062 | D:6      | Reached ** piety under Kikubaaqudgha
  8902 | D:7      | Found a basalt altar of Yredelemnul.
  8903 | D:7      | Found an opulent altar of Gozag.
  8962 | D:7      | Found a shimmering altar of Xom.
  8962 | D:7      | Found a burning altar of Makhleb.
  9568 | D:9      | Reached skill level 9 in Necromancy
  9575 | D:9      | Killed from afar by an orc priest

Illustrated notes

Levels and vault maps discovered:
D:1:      lordsloth_arrival_two_stooges, layout_basic, minivault_11
D:2:      layout_basic, uniq_jessica, uniq_natasha
D:3:      layout_loops_ring, mainiacjoe_overflow_paths, serial_shops,
          nicolae_shop_advertising_works [nicolae_subvault_shop_adworks],
          st_stairs_6
D:4:      layout_basic
D:5:      layout_layer_cave, okawaru_ov_weapons_minmay,
          nicolae_overflow_crystal_walls, mainiacjoe_overflow_brackets,
          serial_shops, nicolae_shop_pleasant_corner_grove
D:6:      layout_rooms, minmay_temple_entry_trees, enter_ossuary_1, uniq_sigmund
D:7:      layout_rooms, grunt_temple_overflow_champion_of_chaos,
          mainiacjoe_overflow_divided_tiny, minmay_crystal_water,
          chequers_serial_rivers_marsh, chequers_decorated_corner
D:8:      layout_gridville, marbit_many_paths, dpeg_oklobed_lair, serial_shops,
          shop, nicolae_shop_statue_plus,
          nicolae_shop_temple_entry_statues_fountains
D:9:      layout_roguey, mainiacjoe_overflow_chevrons,
          kennysheep_generic_room_10

Skill      XL: |  1  2  3  4  5  6  7  8  9 |
---------------+----------------------------+-----
Dodging        | 2 3 4 5 6 |  6.7
Stealth        | 2 |  2.0
Fighting       | 1 2 3 4 5 6 |  6.9
Necromancy     | 5 6 7 9 |  9.0
Spellcasting   | 3 4 5 6 |  6.7

Action                     |  1- 3 |  4- 6 |  7- 9 || total
---------------------------+-------+-------+-------++-------
  Melee: Unarmed           |    11 |       |       ||    11
         Club              |    12 |     7 |     3 ||    22
         Headbutt          |     2 |     2 |    39 ||    43
         Punch             |       |     1 |     3 ||     4
         Spear             |       |       |   187 ||   187
   Cast: Necrotise         |    59 |    77 |    97 ||   233
         Vampiric Draining |       |       |    97 ||    97
  Evoke: Wand              |       |       |     2 ||     2
    Use: Scroll            |       |       |     2 ||     2
   Stab: Paralysed         |     1 |     4 |    40 ||    45
         Sleeping          |       |       |     1 ||     1
 Armour: Robe              |    25 |    22 |    12 ||    59
         Steam dragon scal |       |       |   151 ||   151
  Dodge: Dodged            |    26 |    26 |   195 ||   247
